 Dungeon Crawl Stone Soup version 0.29.1-12-g30fa7ad0bf (webtiles) character file.

Game seed: 17850065098907966171

44 DildoBatman the Conjurer (level 3, 0/26 HPs)
             Began as a Formicid Conjurer on Dec 26, 2022.
             Slain by a scorpion (4 damage)
             ... on level 3 of the Dungeon.
             The game lasted 00:03:51 (1933 turns).

DildoBatman the Conjurer (Formicid Conjurer)        Turns: 1933, Time: 00:03:52

Health: 0/26       AC:  2    Str: 17    XL:     3   Next: 87%
Magic:  1/7        EV: 12    Int: 19    God:
Gold:   59         SH:  0    Dex: 12    Spells: 4/7 levels left

rFire   . . .      SeeInvis +   a - +0 dagger (venom)
rCold   . . .      Faith    .   (no shield)
rNeg    . . .      Spirit   .   k - +0 robe
rPois   .          Reflect  .   (helmet unavailable)
rElec   .          Harm     .   (no cloak)
rCorr   .          Rampage  .   (no gloves)
Will    .....                   (no boots)
Stlth   ++........              (no amulet)
HPRegen 0.08/turn               h - +6 ring of strength
MPRegen 0.10/turn               (no ring)

@: no status effects
A: permanent stasis, dig shafts and tunnels, antennae 3, four strong arms
a: Dig, Shaft Self


You were on level 3 of the Dungeon.
You visited 1 branch of the dungeon, and saw 3 of its levels.

You collected 59 gold pieces.

Inventory:

Hand Weapons
 a - a +0 dagger of venom (weapon)
 b - a +0 sling
 d - a +0 dagger of electrocution
Missiles
 f - 7 poisoned darts
 g - 19 stones
Armour
 k - a +0 robe (worn)
Jewellery
 h - a +6 ring of strength (left hand)
Scrolls
 l - a scroll of fear {unknown}
 m - 4 scrolls of teleportation {unknown}
 o - a scroll of amnesia {unknown}
 p - 2 scrolls of identify {unknown}
 q - a scroll of enchant weapon {unknown}
Potions
 c - 2 potions of flight {unknown}
 e - 2 potions of might {unknown}
 i - a potion of curing {unknown}
 j - a potion of cancellation {unknown}
 n - 2 potions of magic


   Skills:
 * Level 1.3 Fighting
 * Level 1.4 Armour
 - Level 2.0 Dodging
 - Level 2.4 Stealth
 * Level 2.7 Spellcasting
 * Level 3.9 Conjurations


You had 4 spell levels left.
You knew the following spells:

 Your Spells              Type           Power      Damage    Failure   Level
a - Searing Ray           Conj           34%        2d5       4%          2
c - Magic Dart            Conj           68%        1d6       3%          1

Your spell library contained the following spells:

 Spells                   Type           Power      Damage    Failure   Level
 Dazzling Flash           Conj/Hex       20%        N/A       22%         3
 Fulminant Prism          Conj/Hex       5%         3d7       56%         4
 Iskenderun's Mystic Bla  Conj/Tloc      10%        2d4       56%         4
 Manifold Assault         Tloc           2%         N/A       99%         5
 Storm Form               Tmut/Air       1%         N/A       100%        7
 Blink                    Tloc           Unusable   N/A       N/A         2

Dungeon Overview and Level Annotations

Branches:
Dungeon (3/15)

Altars:


Innate Abilities, Weirdness & Mutations

You cannot be hasted, slowed, berserked, paralysed or teleported.
You can dig through walls and to a lower floor.
You have a pair of large antennae on your head. (SInv)
Your four strong arms can wield two-handed weapons with a shield.


Message History

Casting: Searing Ray (safe; 4% risk of failure)
Confirm with . or Enter, or press ? or * to list all spells.
Aiming: Magic Dart (safe; 3% risk of failure)
Press: ? - help, Shift-Dir - straight line, f/p - scorpion
Aim: a scorpion (heavily wounded, 100% to hit)
The magic dart hits the scorpion.
The scorpion is severely wounded.
You feel sick. The scorpion stings you.
The scorpion stings you but does no damage.
Casting: Magic Dart (safe; 3% risk of failure)
Confirm with . or Enter, or press ? or * to list all spells.
Aiming: Magic Dart (safe; 3% risk of failure)
Press: ? - help, Shift-Dir - straight line, f/p - scorpion
Aim: a scorpion (severely wounded, 100% to hit)
The magic dart hits the scorpion but does no damage.
The scorpion is severely wounded.
You feel sick. The scorpion stings you.
Okay, then.
Your +0 dagger of venom begins to drip with poison!
a - a +0 dagger of venom (weapon)
You barely miss the scorpion.
The scorpion is severely wounded.
You feel sick. The scorpion stings you. The scorpion closely misses you.
You hit the scorpion but do no damage.
The scorpion is poisoned.
The scorpion is severely wounded.
You feel sick. The scorpion misses you.
You feel sick.
You feel sick.
You closely miss the scorpion.
The scorpion is severely wounded.
You feel sick.
You are no longer poisoned.
The scorpion stings you.
You die...

###########
#.........#
#.........#
#.........#
#.........#
........s@#
#.........#
#......<..#
#.........#
#.........#
#####.#####
#. .. ##


You could see a scorpion (poisoned).

Vanquished Creatures
  An adder (D:2)
  A worm (D:2)
  2 endoplasms (D:1)
  A giant cockroach (D:1)
  5 goblins
  8 hobgoblins
  2 bats
  A frilled lizard (D:1)
  4 kobolds
  4 rats (D:1)
29 creatures vanquished.

Notes
Turn   | Place    | Note
-------+----------+-------------------------------------------
     0 | D:1      | DildoBatman the Formicid Conjurer began the quest for the
                  | Orb.
     0 | D:1      | Reached XP level 1. HP: 13/13 MP: 3/3
   249 | D:1      | Reached XP level 2. HP: 13/20 MP: 0/5
   252 | D:1      | Learned a level 2 spell: Searing Ray
   781 | D:1      | Reached skill level 1 in Armour
   839 | D:1      | Reached skill level 1 in Fighting
   839 | D:1      | Reached XP level 3. HP: 23/26 MP: 3/6
  1374 | D:2      | Found a faded altar of an unknown god.
  1921 | D:3      | Noticed a scorpion
  1933 | D:3      | Slain by a scorpion

Illustrated notes

Levels and vault maps discovered:
D:1:      dpeg_arrival_windows_large_door, layout_loops_corners,
          minmay_liquid_box, dk_noncrumbling_3
D:2:      layout_basic, shapermc_ecumenical_altar_notcrosses,
          minmay_tetromino_o4
D:3:      layout_loops_cross, saegor_snake_ambush, uniq_sigmund, uniq_robin

Skill      XL: |  1  2 |
---------------+-------+-----
Dodging        | 2 |  2.0
Armour         | 1 |  1.4
Fighting       | 1 |  1.3
Stealth        | |  2.4
Spellcasting   | |  2.7
Conjurations   | |  3.9

Action                   || total
-------------------------++-------
Melee: Short sword       ||     7
       Dagger            ||    13
 Fire: Sling             ||     9
 Cast: Magic Dart        ||    47
       Searing Ray       ||     5
Armor: Robe              ||     3
Dodge: Dodged            ||    17
